Map: Pillars of Gold LE

Players

Has - Winner!

  • Race: Protoss Protoss
  • Spawn Location: 1:00

Nice

  • Race: Protoss Protoss
  • Spawn Location: 7:00

Event: DreamHack SC2 Masters 2020 Fall

VOD

Have the link to the VOD?

Description

Time

  • Played on: Aug. 28, 2020, 8:45 a.m.
  • Length: 17:28

All games in this series

Show
View Real Time Build Order
Export as new Build Order

Has Protoss - Winner!

Build Orders: Nexus First 

Get SALT Encoding   

  12  0:00  Probe  
  13  0:12  Probe  
  14  0:18  Pylon  
  14  0:24  Probe (Chrono Boost)  
  15  0:37  Probe (Chrono Boost)  
  16  0:43  Probe (Chrono Boost)  
  17  1:02  Nexus  
  17  1:10  Gateway  
  17  1:13  Probe  
  18  1:19  Assimilator  
  18  1:25  Probe  
  18  1:28  Assimilator  
  19  1:39  Gateway  
  19  1:42  Probe  
  20  1:54  Probe  
  21  1:58  Cybernetics Core  
  21  2:07  Probe (Chrono Boost)  
  22  2:15  Probe (Chrono Boost)  
  24  2:24  Probe x2 (Chrono Boost)  
  24  2:29  Probe (Chrono Boost)  
  25  2:30  Probe  
  25  2:35  Stalker (Chrono Boost)  
  25  2:36  Stalker (Chrono Boost)  
  31  2:42  Warp Gate, Probe  
  31  2:44  Shield Battery  
  33  2:53  Pylon  
  33  2:54  Probe  
  33  3:02  Stalker (Chrono Boost)  
  33  3:05  Stalker (Chrono Boost)  
  35  3:11  Probe (Chrono Boost)  
  35  3:12  Probe (Chrono Boost)  
  39  3:23  Probe (Chrono Boost)  
  39  3:25  Pylon  
  39  3:26  Stalker  
  39  3:27  Probe (Chrono Boost)  
  42  3:28  Probe (Chrono Boost)  
  43  3:36  Probe (Chrono Boost)  
  43  3:39  Twilight Council, Probe (Chrono Boost)  
  45  3:46  Forge  
  47  3:50  Probe (Chrono Boost)  
  47  3:51  Probe (Chrono Boost)  
  47  3:54  Pylon  
  47  3:58  Probe x2  
  47  4:00  Pylon  
  49  4:10  Probe  
  49  4:11  Probe  
  49  4:12  Robotics Facility  
  51  4:17  Assimilator  
  51  4:22  Blink (Chrono Boost), Probe  
  51  4:23  Probe  
  50  4:32  Stalker  
  50  4:35  Probe x2  
  54  4:40  Shield Battery  
  54  4:41  Stalker  
  56  4:48  Probe  
  56  4:51  Probe  
  52  4:58  Stalker  
  54  5:00  Warp Prism (Chrono Boost)  
  54  5:01  Probe  
  54  5:06  Shield Battery  
  57  5:10  Stalker  
  60  5:15  Probe  
  60  5:17  Pylon  
  60  5:18  Assimilator  
  60  5:21  Protoss Ground Weapons Level 1 (Chrono Boost), Stalker  
  60  5:27  Probe  
  63  5:34  Probe  
  63  5:39  Probe  
  62  5:46  Probe  
  62  5:49  Gateway  
  63  5:50  Observer  
  63  5:51  Probe  
  65  5:57  Stalker  
  65  5:58  Probe  
  65  6:01  Pylon  
  65  6:03  Pylon  
  69  6:12  Nexus  
  69  6:14  Probe  
  69  6:15  Probe  
  69  6:26  Probe  
  69  6:29  Gateway  
  69  6:31  Gateway, Charge  
  71  6:32  Probe  
  71  6:36  Sentry  
  73  6:41  Templar Archives  
  73  6:42  Probe  
  73  6:45  Stalker  
  77  6:59  Gateway  
  76  7:02  Observer, Gateway  
  76  7:03  Probe x2  
  79  7:10  Stalker x2  
  83  7:19  Protoss Ground Weapons Level 2 (Chrono Boost)  
  83  7:24  Stalker  
  83  7:27  Probe  
  86  7:33  Stalker x3  
  89  7:42  Probe  
  86  7:49  Stalker  
  85  8:05  Pylon  
  86  8:08  Probe  
  86  8:10  Zealot x4  
  94  8:29  Zealot x2  
  94  8:31  Zealot x3  
  90  8:52  Zealot x4  
  90  8:53  Zealot x2  
  90  9:15  Stalker x2  
  90  9:16  Observer  
  81  9:21  Zealot x3  
  81  9:22  Zealot  
  83  9:39  High Templar x4  
  83  9:40  Zealot x2  
  83  9:43  Archon x2  
  95  9:48  Probe  
  95  9:51  Pylon  
  96  9:54  Zealot x2  
  98  10:13  Stalker x2  
  100  10:16  Zealot x2, High Templar x2  
  100  10:20  Archon  
  78  10:41  Zealot  
  78  10:42  Zealot x3  
  72  10:50  Zealot x2  
  76  11:01  High Templar x2  
  76  11:02  High Templar x2  
  83  11:09  Probe  
  83  11:10  Observer  
  85  11:18  Archon  
  84  11:21  Stalker x2  
  82  11:42  Observer (Chrono Boost)  
  82  11:48  Archon  
  82  11:49  Probe x2  
  84  11:59  Stalker x3  
  86  12:15  High Templar x2  
  90  12:16  Zealot  
  92  12:25  Observer (Chrono Boost)  
  92  12:28  Archon  
  87  12:59  Zealot, High Templar x2  
  87  13:00  Zealot  
  87  13:03  Archon  
  95  13:13  Observer  
  95  13:16  Observer  
  81  13:28  Zealot x2, High Templar x2  
  81  13:32  Archon  
  88  13:58  High Templar x2  
  88  13:59  Zealot  
  94  14:03  Archon  
  94  14:12  Observer  
  94  14:15  Zealot x2  
  98  14:24  Zealot  
  99  14:29  Probe  
  99  14:30  Observer  
  96  14:36  Probe  
  96  14:59  Stalker x2  
  100  15:00  Stalker  
  101  15:08  Zealot  
  100  15:14  Zealot  
  98  15:36  Zealot  
  94  15:46  Probe x2  
  96  15:58  Probe  
  96  16:00  Probe  
  98  16:09  Observer (Chrono Boost)  
  98  16:12  Probe  
  98  16:17  Robotics Bay  
  89  16:46  Zealot x5  
  77  16:51  Zealot  
Show
View Real Time Build Order
Export as new Build Order

Nice Protoss 

Build Orders: Oracle Opening 

Get SALT Encoding   

  12  0:00  Probe  
  13  0:12  Probe  
  14  0:20  Pylon  
  14  0:24  Probe  
  15  0:38  Probe (Chrono Boost)  
  15  0:40  Gateway  
  16  0:49  Assimilator  
  17  0:50  Probe (Chrono Boost)  
  17  0:54  Probe (Chrono Boost)  
  18  0:58  Assimilator  
  18  1:05  Probe  
  19  1:15  Gateway  
  19  1:17  Probe  
  20  1:28  Cybernetics Core  
  20  1:29  Probe  
  21  1:41  Probe  
  21  1:46  Pylon  
  22  1:54  Probe  
  23  2:03  Stalker x2 (Chrono Boost)  
  27  2:10  Warp Gate  
  27  2:16  Pylon  
  27  2:18  Probe  
  28  2:30  Stargate  
  28  2:32  Probe  
  29  3:09  Nexus  
  29  3:10  Oracle (Chrono Boost)  
  29  3:12  Probe  
  33  3:24  Probe  
  33  3:26  Pylon  
  34  3:38  Probe  
  34  3:40  Oracle  
  38  3:43  Pylon  
  38  3:57  Stalker  
  38  3:58  Stalker  
  38  4:01  Probe  
  43  4:13  Probe  
  44  4:24  Probe (Chrono Boost)  
  44  4:25  Probe (Chrono Boost)  
  44  4:30  Stalker  
  44  4:31  Stalker  
  50  4:36  Probe (Chrono Boost)  
  50  4:37  Probe (Chrono Boost)  
  52  4:41  Twilight Council  
  52  4:42  Probe (Chrono Boost)  
  52  4:43  Probe (Chrono Boost)  
  54  4:51  Probe  
  55  4:57  Probe  
  55  4:59  Assimilator  
  56  5:03  Probe  
  57  5:09  Blink (Chrono Boost), Probe  
  57  5:11  Stalker x2  
  62  5:15  Probe  
  63  5:21  Probe  
  63  5:22  Forge  
  63  5:24  Gateway  
  63  5:27  Probe  
  65  5:42  Probe  
  63  5:43  Pylon  
  63  5:45  Probe  
  63  5:46  Gateway  
  63  5:47  Assimilator  
  63  5:49  Sentry x2  
  68  5:51  Robotics Facility  
  68  5:53  Shield Battery  
  68  6:04  Protoss Ground Weapons Level 1  
  68  6:06  Pylon  
  68  6:10  Gateway  
  68  6:13  Gateway  
  68  6:17  Pylon  
  68  6:18  Stalker  
  68  6:25  Sentry  
  72  6:30  Pylon, Stalker  
  74  6:39  Nexus  
  74  6:44  Stalker  
  76  6:50  Stalker  
  76  6:54  Warp Prism (Chrono Boost)  
  78  7:00  Probe x2  
  82  7:04  Stalker  
  82  7:06  Sentry  
  86  7:12  Probe  
  88  7:17  Stalker x2  
  88  7:20  Robotics Bay  
  88  7:21  Probe  
  92  7:24  Probe  
  93  7:33  Probe  
  94  7:40  Probe  
  85  7:48  Immortal (Chrono Boost)  
  85  7:55  Stalker x2  
  85  7:56  Stalker x3  
  93  8:00  Stalker  
  93  8:04  Shield Battery  
  95  8:18  Disruptor (Chrono Boost), Stalker  
  95  8:19  Stalker x2  
  100  8:31  Stalker x3  
  87  8:43  Stalker x3  
  88  8:57  Disruptor (Chrono Boost)  
  87  9:09  Pylon x2  
  84  9:14  Stalker x2  
  84  9:15  Stalker x2  
  81  9:19  Stalker  
  79  9:32  Disruptor (Chrono Boost)  
  82  9:41  Stalker  
  82  9:42  Zealot x3  
  90  9:50  Adept  
  90  9:51  Adept  
  89  10:21  Disruptor (Chrono Boost)  
  89  10:22  Stalker  
  89  10:23  Stalker x3  
  94  10:34  Stalker  
  86  10:36  Stalker  
  84  10:46  Stalker  
  84  10:47  Stalker x2  
  85  10:56  Observer (Chrono Boost)  
  86  11:07  Adept x2  
  90  11:11  Disruptor (Chrono Boost)  
  90  11:16  Shield Battery  
  90  11:18  Shield Battery  
  93  11:20  Pylon  
  93  11:22  Sentry  
  93  11:32  Observer  
  93  11:37  Adept  
  93  11:38  Adept  
  93  11:39  Disruptor (Chrono Boost)  
  97  11:47  Pylon  
  97  11:50  Observer  
  97  11:51  Stalker x2  
  99  12:10  Stalker x3  
  103  12:17  Disruptor (Chrono Boost)  
  106  12:26  Pylon  
  106  12:28  Pylon  
  103  12:45  Disruptor (Chrono Boost)  
  104  12:52  Nexus  
  104  12:59  Sentry  
  98  13:17  Disruptor (Chrono Boost)  
  89  13:25  Stalker x4  
  93  13:35  Stalker  
  95  13:43  Adept  
  95  13:47  Disruptor (Chrono Boost), Observer  
  100  13:54  Adept  
  98  13:55  Stalker  
  98  13:56  Stalker  
  102  14:17  Pylon  
  102  14:18  Observer (Chrono Boost)  
  102  14:30  Colossus (Chrono Boost)  
  98  14:32  Extended Thermal Lance (Chrono Boost)  
  103  14:45  Adept x2  
  107  15:02  Sentry x3  
  113  15:07  Adept x2  
  113  15:08  Observer  
  116  15:22  Adept  
  116  15:26  Zealot  
  118  15:33  Colossus (Chrono Boost)  
  108  15:58  Pylon  
  108  16:25  Nexus  
  108  16:27  Sentry x3  
  114  16:34  Shield Battery  
  54  16:55  Stalker  
  54  16:56  Stalker  
  47  17:02  Stalker  

Tags
 
Add a new tag
Caveats
  • Supply blocks, unpowered buildings, or Contaminate may cause inaccurate times.
  • Supply counts are checked every 10 seconds.